 Dungeon Crawl Stone Soup version 0.31.0-9-g3a7656b989 (webtiles) character file.

Game seed: 4639770076935021834

437 hikkokomori the Apothecary (level 7, -3/41 HPs)
             Began as a Gargoyle Alchemist on Jan 24, 2024.
             Slain by Menkaure (8 damage)
             ... on level 4 of the Dungeon.
             The game lasted 00:06:50 (4169 turns).

hikkokomori the Apothecary (Gargoyle Alchemist)     Turns: 4169, Time: 00:06:50

Health: -3/41      AC: 12    Str: 11    XL:     7   Next: 1%
Magic:  7/11       EV: 11    Int: 18    God:
Gold:   152        SH:  0    Dex: 14    Spells: 2/12 levels left

rFire   . . .        e - +0 sling
rCold   . . .        (no shield)
rNeg    + . .        h - +3 leather armour of Birdsong {-Tele Fly Dex+4}
rPois   ∞            (no helmet)
rElec   +            q - +0 cloak
rCorr   .            l - +0 pair of gloves
SInv    .            (no boots)
Will    .....        (no amulet)
Stlth   ++           (no ring)
HPRegen 0.26/turn    (no ring)
MPRegen 0.12/turn

%: no teleportation
@: flying
A: sickness immunity, AC +4, negative energy resistance 1, electricity
resistance, torment resistance 1, petrification resistance
a: no special abilities


You were on level 4 of the Dungeon.
You visited 1 branch of the dungeon, and saw 4 of its levels.
You also visited: Sewer.

You collected 152 gold pieces.

Inventory:

Hand Weapons
 e - a +0 sling (weapon)
Missiles
 j - 4 curare-tipped darts
Armour
 a - a +0 robe
 h - the +3 leather armour of Birdsong (worn) {-Tele Fly Dex+4}
   (You found it on level 2 of the Dungeon)

   Dex+4:     It affects your dexterity (+4).
   Fly:       It grants you flight.
   -Tele:     It prevents most forms of teleportation.
 l - a +0 pair of gloves (worn)
 p - an orb of guile
 q - a +0 cloak (worn)
Jewellery
 t - a ring of protection from fire
Scrolls
 d - 2 scrolls of teleportation
 g - a scroll of enchant weapon {unknown}
 m - 2 scrolls of poison {unknown}
 r - a scroll of identify
Potions
 b - a potion of magic
 c - 2 potions of curing
 f - 2 potions of enlightenment
 i - 2 potions of resistance {unknown}
 k - a potion of mutation
 n - 2 potions of haste
 o - 2 potions of heal wounds
 s - 2 potions of attraction {unknown}


   Skills:
 - Level 3.1 Fighting
 - Level 1.5 Dodging
 - Level 2.2 Stealth
 + Level 3.1 Spellcasting
 + Level 3.0 Conjurations
 + Level 1.9 Air Magic
 + Level 4.2 Alchemy


You had 2 spell levels left.
You knew the following spells:

 Your Spells              Type           Power      Damage    Failure   Level
a - Sting                 Conj/Alch      60%        1d6       4%          1
b - Mercury Vapours       Alch/Air       26%        N/A       9%          2
c - Mephitic Cloud        Conj/Alch/Air  13%        N/A       19%         3
d - Olgreb's Toxic Radia  Alch           18%        N/A       36%         4

Your spell library contained the following spells:

 Spells                   Type           Power      Damage    Failure   Level
 Ignite Poison            Fire/Alch      10%        N/A       65%         4
 Sticky Flame             Fire/Alch      10%        2d5       65%         4
 Freezing Cloud           Conj/Ice/Air   4%         6-21      96%         5
 Cigotuvi's Dreadful Rot  Necr/Alch/Air  Unusable   N/A       N/A         2

Dungeon Overview and Level Annotations

Branches:
Dungeon (4/15)              Sewer (visited)
 Temple: D:4-7

Altars:
Nemelex Xobeh
Qazlal
Wu Jian

Annotations:
D:2 1 runed translucent door, Crazy Yiuf
D:4 Menkaure


Innate Abilities, Weirdness & Mutations

You are immune to sickness and miasma.
Your stone body is resilient. (AC +4)
You are immune to poison.
You resist negative energy. (rN+)
You are resistant to electric shocks. (rElec)
You are resistant to unholy torment.
You are immune to petrification.


Message History

Menkaure rustles, "It doesn't hurt if you pull your brain out of your nose yourself."
Menkaure hits you but does no damage.
You shoot a sling bullet.
The sling bullet barely misses Menkaure.
The ball python closely misses you. The ball python constricts you.
Menkaure hits you but does no damage.
The ball python bites you but does no damage.
The ball python constricts you.
Unknown command.
You shoot a sling bullet.
The sling bullet barely misses Menkaure.
Menkaure hits you! The ball python barely misses you.
The ball python constricts you. Menkaure hits you!
* * * LOW HITPOINT WARNING * * *
The ball python barely misses you. The ball python constricts you.
Unknown command.
Unknown command.
Casting: Mercury Vapours (safe; 9% risk of failure)
Confirm with . or Enter, or press ? or * to list all spells.
Aiming: Mercury Vapours (safe; 9% risk of failure)
Press: ? - help, Dir - move target, f - ball python, p - Menkaure
Aim: a ball python (moderately wounded, constricting you, chance to weaken: 100%) Fumes of mercury billow around the ball python!
The ball python is poisoned.
The ball python looks weaker.
Menkaure looks even weaker.
Menkaure hits you but does no damage.
The ball python bites you but does no damage.
The ball python constricts you.
Unknown command.
Unknown command.
You shoot a sling bullet. The sling bullet hits the ball python!
You kill the ball python!
Menkaure hits you!
* * * LOW HITPOINT WARNING * * *
Menkaure misses you.
Your Conjurations skill increases to level 3!
Unknown command.
You shoot a sling bullet. The sling bullet hits Menkaure.
Menkaure is severely damaged.
Menkaure hits you!
You die...

.....######...#...#
.....# #.#.# .
###### #...# # . ##
##.).# .# ...#....#
.# .....#..## ..##
##.......####...#
##.............#
#.####†.@M.#.. ...
#.###$...... ##.
.... ....... .
###..# ##.#..# ##..
.# ## #.# . .. . ..


You could see Menkaure (fast, weak).

Vanquished Creatures
  An ice beast (D:3)
  A kobold brigand (Sewer)
  A scorpion (D:4)
  Terence (D:2)
  An iguana (D:4)
  5 adders
  4 river rats
  2 dart slugs
  6 bats
  5 endoplasms
  2 giant cockroaches
  5 goblins
  9 hobgoblins
  10 jackals
  8 kobolds
  4 quokkas
  10 ball pythons
  2 frilled lizards
  17 rats
94 creatures vanquished.

Notes
Turn   | Place    | Note
-------+----------+-------------------------------------------
     0 | D:1      | hikkokomori the Gargoyle Alchemist began the quest for the
                  | Orb.
     0 | D:1      | Reached XP level 1. HP: 10/10 MP: 3/3
   396 | D:1      | Reached skill level 1 in Fighting
   396 | D:1      | Reached XP level 2. HP: 16/16 MP: 5/5
   667 | D:1      | You fall into a shaft and drop 1 floor!
   683 | D:2      | Identified the +3 leather armour of Birdsong {-Tele Fly
                  | Dex+4}
   707 | D:2      | Reached skill level 3 in Alchemy
   707 | D:2      | Reached XP level 3. HP: 21/21 MP: 1/6
   783 | D:2      | Found an ornate altar of the Wu Jian Council.
   920 | D:2      | Found a faded altar of an unknown god.
  1167 | D:2      | Found a runed translucent door.
  1168 | D:2      | Noticed Crazy Yiuf
  1224 | D:2      | Noticed Terence
  1234 | D:2      | Killed Terence
  1235 | D:2      | Reached XP level 4. HP: 18/27 MP: 2/7
  2579 | D:3      | Learned a level 2 spell: Mercury Vapours
  2583 | D:3      | Learned a level 3 spell: Mephitic Cloud
  2778 | D:3      | Found a glowing drain.
  2787 | D:3      | Reached XP level 5. HP: 31/32 MP: 3/8
  2802 | Sewer    | Entered a sewer
  3133 | Sewer    | Noticed a kobold brigand
  3159 | Sewer    | Killed a kobold brigand
  3160 | Sewer    | Reached skill level 1 in Air Magic
  3233 | Sewer    | Found a white marble altar of Elyvilon.
  3276 | D:3      | Reached XP level 6. HP: 37/37 MP: 6/9
  3529 | D:3      | Found a sparkling altar of Nemelex Xobeh.
  3602 | D:3      | Noticed an ice beast
  3633 | D:3      | Killed an ice beast
  3634 | D:3      | Reached skill level 4 in Alchemy
  3713 | D:3      | Found a stormy altar of Qazlal.
  4078 | D:4      | Learned a level 4 spell: Olgreb's Toxic Radiance
  4127 | D:4      | Reached XP level 7. HP: 41/41 MP: 8/11
  4152 | D:4      | Noticed Menkaure
  4169 | D:4      | Slain by Menkaure

Illustrated notes

Levels and vault maps discovered:
D:1:      beargit_arrival_diablo_church, layout_basic, minmay_door_square
D:2:      layout_basic, basic_altar, ebering_ecumenical_altar_sacrificial,
          dk_noncrumbling_4, uniq_crazy_yiuf_cottage, uniq_terence
D:3:      layout_basic, mainiacjoe_overflow_tiny_flanked,
          nemelex_diamond_rough_becter, portal_sewer_entry_b
D:4:      layout_rooms, nicolae_dithmenos_through_a_glass_darkly, uniq_natasha,
          uniq_menkaure, uniq_blork_the_orc

Skill      XL: |  1  2  3  4  5  6  7 |
---------------+----------------------+-----
Fighting       | 1 2 3 |  3.1
Alchemy        | 3 4 |  4.2
Conjurations   | 2 3 |  3.0
Air Magic      | 1 |  1.9
Spellcasting   | 3 |  3.1
Dodging        | |  1.5
Stealth        | |  2.2

Action                     |  1- 3 |  4- 6 |  7- 9 || total
---------------------------+-------+-------+-------++-------
   Fire: Sling             |    64 |   112 |    11 ||   187
  Throw: Dart              |       |       |     1 ||     1
   Cast: Sting             |    36 |    97 |     2 ||   135
         Mercury Vapours   |       |     1 |     2 ||     3
    Use: Scroll            |       |     4 |       ||     4
         Potion            |       |     1 |       ||     1
 Armour: Robe              |     9 |       |       ||     9
         Leather armour    |    21 |    88 |    17 ||   126
  Dodge: Dodged            |    40 |    97 |     8 ||   145
